[Event "2nd Bassano Easter 2022"]
[Site "Bassano del Grappa"]
[Date "2022.04.15"]
[Round "3.5"]
[White "Baum, Jonasz"]
[Black "Nesterov, Arseniy"]
[Result "0-1"]
[ECO "D35"]
[WhiteElo "2287"]
[BlackElo "2522"]
[Annotator "TA"]
[PlyCount "64"]
[EventDate "2022.04.14"]
[EventType "swiss"]
[EventCountry "ITA"]
[SourceTitle "playchess.com"]
[Source "ChessBase"]
[SourceQuality "1"]
[TimeControl "30/3600+30:1800+30"]

1. d4 d5 2. Nf3 Nf6 3. c4 e6 4. Nc3 Nbd7 5. cxd5 exd5 6. Bf4 c6 7. e3 Be7 8. h3 O-O 9. Qc2 Re8 10. Bd3 Nf8 11. O-O-O Be6 {[%emt 0:00:30] has lost popularity (11...b5).} 12. Ng5 {[%emt 0:00:30] [#] D35: Queen's Gambit Declined: Exchange Variation.} c5 $146 (12... h6 $11 13. Nf3 Ne4) ({Predecessor:} 12... Bd6 13. Bxd6 Qxd6 14. Kb1 Rac8 15. g4 c5 16. dxc5 Rxc5 17. Qd2 Qc6 18. Rc1 Rc8 19. Ne2 b6 {½-½ (41) Alexandrova,O (2265)-Karpchuk,E Alushta 1999}) 13. dxc5 $14 Bxc5 14. Nxe6 {[%emt 0:00:30] White is slightly better.} fxe6 15. Kb1 ({Don't go for} 15. Nxd5 $2 exd5 16. Kb1 (16. Qxc5 $2 Rc8 $19) 16... Qb6 $19) 15... Rc8 16. Qb3 {[%emt 0:00:30] Against Bb4} Bb6 17. e4 N8d7 18. Bb5 (18. Bd6 $16) 18... Rxc3 (18... Nc5 $5 19. Qa3 Ncxe4 20. Nxe4 Nxe4 21. Bxe8 Qxe8 $11) 19. bxc3 (19. Qxc3 $11 Nxe4 20. Qc1) 19... Nxe4 $15 20. Rhe1 $1 Ndc5 {[%emt 0:00:30] Pair of Knights!} 21. Qc2 {[%emt 0:00:30] [#] Black must now prevent f3.} Rf8 22. Be3 Ba5 23. Bxc5 Nxc5 24. Ba4 ({White should try} 24. Bd3) 24... Qh4 25. Bb3 Rxf2 {[%emt 0:00:30] &Nero is more active.} 26. Re2 Rf6 $36 {[%emt 0:00:30][%mdl 2048] Black has strong initiative.} ({Much worse is} 26... Rxe2 $6 27. Qxe2 Ne4 28. Kc2 $11) 27. Rd4 ({White should play} 27. Re3) 27... Qg3 $17 28. Kb2 (28. Qd1 {is a better defense.} Qd6 29. Kb2) 28... Rf1 $19 {[%emt 0:00:30][%cal Oa5c3] ...Bxc3+! is the strong threat.} 29. Rg4 $2 {[%emt 0:00:30] [#]} (29. Rd1 $19 Rxd1 30. Qxd1 Bxc3+ 31. Kb1) 29... Nd3+ 30. Ka3 Qd6+ 31. Ka4 Nc5+ (31... Qc6+ $142 32. Ka3 Qc5+ 33. Ka4 b5+ 34. Kxa5 Qb6#) 32. Kxa5 Qb6# {[%emt 0:00:30] Weighted Error Value: White=0.73/Black=0.48} 0-1

[Event "2nd Bassano Easter 2022"]
[Site "Bassano del Grappa"]
[Date "2022.04.15"]
[Round "3.7"]
[White "Fischer, Daniel"]
[Black "Nikolov, Momchil"]
[Result "1/2-1/2"]
[ECO "C83"]
[WhiteElo "2356"]
[BlackElo "2501"]
[Annotator "TA"]
[PlyCount "44"]
[EventDate "2022.04.14"]
[EventType "swiss"]
[EventCountry "ITA"]
[SourceTitle "playchess.com"]
[Source "ChessBase"]
[SourceQuality "1"]
[TimeControl "30/3600+30:1800+30"]

1. e4 e5 2. Nf3 Nc6 3. Bb5 a6 4. Ba4 Nf6 5. O-O Nxe4 6. d4 b5 7. Bb3 d5 8. dxe5 Be6 9. c3 Be7 10. Bc2 O-O 11. Nbd2 f5 12. exf6 Nxf6 13. a4 {[%emt 0:02:45] Recently 13.Re1 got a lot of attention. C83: Open Ruy Lopez: 9 c3 Be7.} b4 14. Qe2 {[%emt 0:02:49] [#]} Qc8 $146 ({Predecessor:} 14... Qd7 15. Re1 Bg4 16. h3 Bh5 17. Qe6+ Qxe6 18. Rxe6 Bd6 19. a5 Nd7 20. Re3 Bc5 {½-½ (41) Jakovenko,D (2724)-Sutovsky,E (2660) Poikovsky 2013}) 15. Re1 {[%emt 0:18:05] White is slightly better.} Bf5 16. Bxf5 Qxf5 17. Nb3 ({White should play} 17. Nf1 $11) 17... Bd6 $15 18. Be3 bxc3 19. bxc3 Ne5 20. Nbd4 {[%emt 0:03:51] The position is equal.} Nxf3+ 21. Nxf3 Rfe8 22. h3 Bf4 {[%emt 0:09:00] Weighted Error Value: White=0.16 (very precise) /Black=0.09 (flawless)} 1/2-1/2

[Event "2nd Bassano Easter 2022"]
[Site "Bassano del Grappa"]
[Date "2022.04.15"]
[Round "3.8"]
[White "Mahitosh Dey"]
[Black "Fier, Alexandr"]
[Result "1/2-1/2"]
[ECO "D02"]
[WhiteElo "2176"]
[BlackElo "2583"]
[Annotator "TA"]
[PlyCount "60"]
[EventDate "2022.04.14"]
[EventType "swiss"]
[EventCountry "ITA"]
[SourceTitle "playchess.com"]
[Source "ChessBase"]
[SourceQuality "1"]
[TimeControl "30/3600+30:1800+30"]

1. d4 Nf6 2. Nf3 d5 3. c3 c5 4. dxc5 e6 5. b4 a5 $1 6. e3 {[%emt 0:00:10] D02: 1 d4 d5 2 Nf3 sidelines, including 2...Nf6 3 g3 and 2...Nf6 3 Bf4.} axb4 7. cxb4 b6 $1 8. Bb5+ {[%emt 0:00:05] Black has an edge.} Bd7 9. Bxd7+ Nbxd7 10. a4 bxc5 11. b5 g5 12. Bb2 Bd6 {[%emt 0:00:04] Inhibits Ne5.} 13. e4 g4 14. Nfd2 Qc7 15. Qe2 Be5 16. Bxe5 Qxe5 17. Ra3 c4 18. O-O O-O {[%emt 0:03:51] [#]} 19. Nc3 $146 ({Predecessor:} 19. a5 Qb2 20. b6 Kh8 21. Re1 Nxb6 22. axb6 Rxa3 23. Nxa3 Qxa3 24. exd5 Qb2 25. dxe6 {1-0 (41) Le,Q (2709)-Vidit,S (2727) Kolkata 2021}) 19... Ra5 20. exd5 exd5 21. Qxe5 Nxe5 22. Rb1 $2 {[%emt 0:04:00] [#]} (22. f3 $1 $16 {keeps the pressure on.}) 22... d4 $1 $17 23. Nce4 {[%emt 0:00:07] [#]} (23. Ne2 $17 {is a better defense.} c3 24. Nb3) 23... Nfd7 $2 (23... Nxe4 $1 $19 24. Nxe4 c3) 24. Rc1 $11 {[%emt 0:03:50] The position is equal.} Nb6 25. Nd6 Rfa8 26. f4 $1 ({Don't blunder} 26. N2xc4 $2 Nexc4 27. Nxc4 Rc8 $19) 26... gxf3 {[%emt 0:00:23][%cal Of3f2] White must now prevent ...f2+!} 27. N2xc4 (27. N6xc4 $2 Rc8 28. Nxa5 Rxc1+ 29. Nf1 d3 $19) 27... Nbxc4 28. Nxc4 Rc8 {[%emt 0:00:03] [#]} 29. b6 $1 {[%emt 0:00:06][%cal Bb5b6,Bb6b7][%mdl 32] aiming for b7.} Nxc4 30. b7 Rb8 {[%emt 0:00:00] Weighted Error Value: White=0.14 (very precise) /Black=0.11 (very precise)} ({Don't take} 30... f2+ 31. Kxf2 Rb8 32. Rxc4 Rxb7 33. Rxd4 $16) 1/2-1/2

[Event "2nd Bassano Easter 2022"]
[Site "Bassano del Grappa"]
[Date "2022.04.15"]
[Round "3.9"]
[White "Hommer, Jeremy"]
[Black "Petrov, Martin"]
[Result "1-0"]
[ECO "B51"]
[WhiteElo "2220"]
[BlackElo "2542"]
[Annotator "TA"]
[PlyCount "126"]
[EventDate "2022.04.14"]
[EventType "swiss"]
[EventCountry "ITA"]
[SourceTitle "playchess.com"]
[Source "ChessBase"]
[SourceQuality "1"]
[TimeControl "30/3600+30:1800+30"]

1. e4 c5 2. Nf3 d6 3. Bb5+ Nd7 4. O-O a6 5. Bd3 Ngf6 6. Re1 {[%emt 0:00:05] B51: Sicilian: Moscow Variation (3 Bb5+) without 3...Bd7.} e6 {[%emt 0:00:31] The main line 6...e6 scores better than 6...b5.} 7. c3 b5 8. Bc2 {[%emt 0:00:19] The position is equal.} c4 9. a4 Bb7 10. d4 cxd3 11. Qxd3 Nc5 12. Qe2 bxa4 (12... Nxa4 {looks sharper.} 13. c4 Qc8 14. cxb5 axb5 15. Qxb5+ Bc6) 13. Be3 (13. e5 {with more complications.} dxe5 14. Nxe5 Qd5 15. Qf1) 13... Bxe4 14. Bxc5 Bxc2 15. Qxc2 {[%emt 0:00:18] Hoping for Bd4.} dxc5 16. Qxa4+ Qd7 17. Nbd2 Bd6 18. Nc4 Bc7 19. Nfe5 $36 {[%emt 0:00:21][%mdl 2048] White has some pressure.} Bxe5 20. Nxe5 {[%emt 0:00:24][%mdl 64] [#] Pin} Qxa4 21. Rxa4 {[%emt 0:00:07] [#]} O-O $146 ({Predecessor:} 21... Nd7 22. Nc4 Ra7 23. Rea1 Nb8 24. Ra5 Rc7 25. R1a3 Ke7 26. g3 {½-½ (26) Tafner,E (2034)-Maltais,C (2256) ICCF email 2020}) 22. Rea1 Rfd8 23. f3 g5 24. Nc4 g4 (24... Ra7 $11 {remains equal.}) 25. fxg4 $16 {[%emt 0:02:39] White stays focused until the end.} Rab8 (25... Ne4 $142) 26. h3 ({Don't play} 26. Rxa6 $6 Nxg4 27. Ra7 Nf6 $14) (26. g5 $142 Nh5 27. Rxa6) 26... Kg7 27. Rxa6 Ne4 {[%emt 0:00:37] [#]} 28. Ra7 $1 {[%emt 0:01:06] And now Ne5 would win.} Rd5 {[%emt 0:03:12] Inhibits Ne5.} 29. Rf1 Rf8 (29... Nf6 $16 30. Re1 Rd7) 30. Nb6 $18 Rg5 31. Re1 Nd6 32. Rxe6 Rd8 33. Ree7 Rb8 34. Na4 c4 35. Red7 Rg6 36. Ra6 Nc8 37. Rxg6+ hxg6 {[%emt 0:00:04][%mdl 4096] Endgame KRN-KRN} 38. Rd4 Nb6 39. Nxb6 Rxb6 40. Rxc4 {[%emt 0:00:28] b4 is the strong threat.} Rxb2 {[%emt 0:00:03] KR-KR} 41. Rc6 g5 42. Kh2 Rd2 43. c4 Rc2 44. c5 Rc3 45. Rc8 Kf6 46. c6 Ke5 47. c7 {[%emt 0:04:50] Strongly threatening Re8+.} Kf6 48. Kg1 (48. g3 $142 Ke7 49. h4 (49. Rg8 Rxc7 50. Rxg5 Rc2+ 51. Kg1 Rc1+ 52. Kh2 Rc2+ 53. Kg1 Rc1+ 54. Kg2 Rc2+ 55. Kh1 Rc1+ 56. Kh2 Rc2+ $16)) 48... Kg7 $2 (48... Ke7 49. Rg8 Rxc7 50. Rxg5 Kf8) 49. Kf2 Rc1 50. g3 {[%emt 0:00:37] Black must now prevent h4.} Rc3 51. h4 Rc2+ 52. Ke3 Rc1 53. h5 {[%emt 0:00:35] White mates.} Rc2 54. Kd4 Rc1 55. h6+ Kh7 56. Ke5 Re1+ 57. Kd6 Rd1+ 58. Ke7 Rc1 59. Kxf7 Rc6 60. Ke7 Rc1 61. Kf6 Rf1+ 62. Kxg5 Rf8 63. Rd8 Re8 {[%emt 0:01:02] Weighted Error Value: White=0.12 (very precise) /Black=0.35} 1-0

[Event "2nd Bassano Easter 2022"]
[Site "Bassano del Grappa"]
[Date "2022.04.15"]
[Round "3.10"]
[White "Abel, Dennes"]
[Black "Pozzari, Simone"]
[Result "1-0"]
[ECO "D30"]
[WhiteElo "2442"]
[BlackElo "2227"]
[Annotator "TA"]
[PlyCount "102"]
[EventDate "2022.04.14"]
[EventType "swiss"]
[EventCountry "ITA"]
[SourceTitle "playchess.com"]
[Source "ChessBase"]
[SourceQuality "1"]
[TimeControl "30/3600+30:1800+30"]

1. d4 d5 2. c4 c6 3. Nf3 e6 4. Bg5 Be7 5. Bxe7 Qxe7 6. Qc2 {[%emt 0:00:51] D30: Queen's Gambit Declined: Systems without Nc3.} Nf6 7. e3 O-O 8. Nc3 {[%emt 0:01:36] The position is equal.} Nbd7 9. cxd5 exd5 10. Bd3 Re8 11. O-O-O ({White should play} 11. O-O $11) 11... Ne4 12. Kb1 {[%emt 0:00:29] [#]} a5 $146 ({Predecessor:} 12... b6 13. Rc1 Bb7 14. h4 c5 15. Bb5 Rac8 16. Ne5 cxd4 17. Bxd7 Nxc3+ 18. bxc3 Rxc3 {0-1 (51) Hurme,H (2168)-Aijala,J (2130) Helsinki 2013}) 13. Rc1 b5 14. Bxe4 (14. Nxe4 dxe4 15. Qxc6 Rb8 16. Bxe4 (16. Bxb5 $2 exf3 17. gxf3 Nf8 $17) 16... Qxe4+ 17. Qxe4 Rxe4 $17) 14... dxe4 15. Nd2 Nf6 16. Nb3 Ba6 {[%emt 0:07:23] [#] aiming for ...b4.} 17. Nc5 (17. Nxa5 $2 b4 18. Nxc6 Qb7 19. Nxb4 Qxb4 $19) 17... b4 18. Ne2 Bb5 19. Qd2 a4 20. Ng3 g6 (20... b3 $11) 21. Qxb4 $16 Nd5 22. Qd2 f5 23. Ne2 {[%emt 0:01:06] Black is on the road to losing.} Reb8 24. Ka1 Qf7 25. Nc3 {[%emt 0:05:11] Pair of Knights!} Nb4 (25... a3 $16 26. b3 Re8) 26. a3 $18 Nd3 27. Nxd3 Bxd3 {[%emt 0:00:07] [#]} 28. Na2 $1 Bc4 29. Nb4 Rb6 (29... Rc8 {might work better.} 30. Qc3 Bd5) 30. Qc3 Bd5 31. Nxd5 Qxd5 32. Rhd1 Rab8 33. Rd2 Kg7 34. Qc4 Qa5 35. Rcc2 {[%emt 0:01:10] And now d5 would win.} Qb5 36. Qxb5 cxb5 {[%emt 0:00:06][%mdl 4096] Endgame KRR-KRR} 37. Rc7+ Kf6 38. Rdc2 (38. Rxh7 Rc8 $16) 38... R8b7 39. Rxb7 Rxb7 {[%emt 0:00:04] KR-KR} 40. b3 axb3 (40... f4 $142 41. Rc6+ (41. exf4 Kf5 $16) 41... Ke7) 41. Rc5 Ra7 42. Kb2 ({Stronger than} 42. Rxb5 Rxa3+ 43. Kb1 Ke6 $11) 42... b4 (42... Ra5 $142 43. h4 (43. Kxb3 h5 $18) 43... h5 44. Kxb3 Ke6 45. d5+ Kd7) 43. axb4 Ra2+ (43... Ke7 $142 44. Kxb3 Kd6) 44. Kxb3 Rxf2 45. Rc2 (45. b5 $142 Rf1 46. Kb2 (46. Rc6+ Ke7 $16) 46... Rf2+ 47. Rc2 Rxc2+ 48. Kxc2) 45... Rf1 46. b5 Ke6 $2 (46... f4 $18 47. exf4 Ke6) 47. Kb2 {[%emt 0:05:35] White mates.} f4 48. b6 fxe3 49. b7 Rf8 50. Rc8 Rf2+ 51. Kc3 Kd5 {[%emt 0:00:00] Weighted Error Value: White=0.14 (very precise) /Black=0.37} 1-0

[Event "2nd Bassano Easter 2022"]
[Site "Bassano del Grappa"]
[Date "2022.04.15"]
[Round "4.1"]
[White "Nesterov, Arseniy"]
[Black "Basso, Pier Luigi"]
[Result "1/2-1/2"]
[ECO "E94"]
[WhiteElo "2522"]
[BlackElo "2600"]
[Annotator "TA"]
[PlyCount "40"]
[EventDate "2022.04.14"]
[EventType "swiss"]
[EventCountry "ITA"]
[SourceTitle "playchess.com"]
[Source "ChessBase"]
[SourceQuality "1"]
[TimeControl "30/3600+30:1800+30"]

1. d4 g6 2. c4 Bg7 3. Nf3 d6 4. e4 Nf6 5. Nc3 O-O 6. Be2 Na6 7. O-O e5 8. Be3 Qe7 {[%emt 0:01:08][%cal Of6e4] 8...c6 gains popularity.} 9. Qc2 {[%emt 0:02:34] E94: King's Indian: Classical: 6 Be2 e5 7 0-0: Various Black 7th moves.} exd4 10. Nxd4 c6 11. Rfe1 {[%emt 0:01:38] White has an edge.} Re8 12. f3 {[%emt 0:00:16] [#]} d5 $146 ({Predecessor:} 12... Nc5 13. Rad1 a5 14. Bf1 Nfd7 {½-½ (14) Laclau,D (2301)-Bernal Moro,L (2435) La Massana 2015}) 13. cxd5 Nb4 14. Qd2 {[%emt 0:01:16] [#] Nb3 is the strong threat.} Nbxd5 15. Bh6 Nxc3 {[%emt 0:03:32] The position is equal.} 16. bxc3 Bxh6 17. Qxh6 Qc5 18. Qd2 Be6 19. Qb2 Rab8 20. Qb4 Qe5 {[%emt 0:01:11] Weighted Error Value: White=0.11 (very precise) /Black=0.05 (flawless)} 1/2-1/2

[Event "2nd Bassano Easter 2022"]
[Site "Bassano del Grappa"]
[Date "2022.04.15"]
[Round "4.2"]
[White "Gallego Alcazar, Andres Felipe"]
[Black "Heberla, Bartlomiej"]
[Result "1/2-1/2"]
[ECO "E05"]
[WhiteElo "2523"]
[BlackElo "2570"]
[Annotator "TA"]
[PlyCount "47"]
[EventDate "2022.04.14"]
[EventType "swiss"]
[EventCountry "ITA"]
[SourceTitle "playchess.com"]
[Source "ChessBase"]
[SourceQuality "1"]
[TimeControl "30/3600+30:1800+30"]

1. d4 d5 2. Nf3 e6 3. c4 Nf6 4. g3 Be7 5. Bg2 O-O 6. O-O dxc4 7. Na3 Bxa3 8. bxa3 Bd7 9. Ne5 Bc6 10. Nxc6 Nxc6 11. Bb2 Nd5 12. Rc1 ({Better is} 12. a4 $11) 12... Nb6 {[%emt 0:00:10] E05: Open Catalan: 5 Nf3 Be7.} (12... b5 $15) 13. e3 $11 Qd7 14. Qc2 Rab8 {[%emt 0:01:07] [#]} 15. Rb1 $146 ({Predecessor:} 15. Rfd1 Ne7 16. Bc3 Ned5 17. Ba1 Rfd8 18. Bf1 Rbc8 19. Bxc4 Nxc4 20. Qxc4 Nf6 21. Qb3 {½-½ (56) Thomas,R (2185)-James,D (2220) Sunningdale 2007}) 15... Ne7 16. Rfc1 Rfc8 17. Bf1 Nf5 18. Bxc4 Nxc4 19. Qxc4 Qd5 20. Qb3 Nd6 21. Rc5 Qf3 22. Qc2 c6 {[%emt 0:02:07] ...b6 is the strong threat.} 23. Rc1 (23. Qd1 $5 Qe4 24. Rbc1 $11) 23... f6 {[%emt 0:03:06] [#] aiming for ...Ne4.} (23... Ne4 $5 24. Re5 f5 $15) 24. Qd1 {[%emt 0:02:59] An even fight not without its subleties.  Weighted Error Value: White=0.14 (very precise) /Black=0.09 (flawless)} 1/2-1/2

[Event "2nd Bassano Easter 2022"]
[Site "Bassano del Grappa"]
[Date "2022.04.15"]
[Round "4.3"]
[White "Bernadskiy, Vitaliy"]
[Black "Gilevych, Artem"]
[Result "1-0"]
[ECO "D46"]
[WhiteElo "2601"]
[BlackElo "2422"]
[Annotator "TA"]
[PlyCount "49"]
[EventDate "2022.04.14"]
[EventType "swiss"]
[EventCountry "ITA"]
[SourceTitle "playchess.com"]
[Source "ChessBase"]
[SourceQuality "1"]
[TimeControl "30/3600+30:1800+30"]

1. d4 d5 2. c4 e6 3. Nc3 c6 4. e3 Nf6 5. Nf3 Nbd7 6. Bd3 Bd6 7. e4 dxe4 8. Nxe4 Nxe4 9. Bxe4 O-O 10. O-O h6 11. Re1 e5 12. Bc2 exd4 13. Qxd4 Bc5 14. Qc3 {[%emt 0:05:20] Hoping for b4. &Bianco is much more active. The black rooks are badly placed. D46: Semi-Slav: 5 e3 Nbd7 6 Bd3, Black avoids the Meran.} Qb6 {[%emt 0:07:15] [#] Prevents b4.} 15. Bxh6 $5 {[%emt 0:06:22][%mdl 4] A promising side line.} gxh6 16. Re4 {[%emt 0:00:20][%cal Re4g4] [#] White has an edge.} Bxf2+ $146 (16... h5 $11 {keeps the balance.}) ({Predecessor:} 16... f5 17. Re6 Kh7 18. Rd1 Qb4 19. Ng5+ hxg5 20. Bxf5+ Rxf5 21. Qh3+ Kg8 22. Rg6+ Kf7 23. Qxf5+ {1-0 (32) Ma,Z (2465)-Zhao,Y (2386) China 2017}) 17. Kf1 (17. Kh1 $16 f6 18. Rd1) 17... Nc5 $14 18. Re2 $40 {[%emt 0:03:05][%cal Be4e2,Be2f2,Bf2f3,Bf3g3][%mdl 160] White attacks.} Be6 $2 {[%emt 0:13:22][%mdl 8192] Loses the game.} 19. Rxf2 $18 {[%emt 0:01:26] Ne5 is the strong threat.} a5 $2 (19... Qc7 20. b4 Nd7) 20. Ne5 {[%emt 0:01:02] Qg3+ would kill now.} Qd8 21. Rf3 {[%emt 0:02:08] Strongly threatening Rg3+.} Re8 {[%emt 0:00:29] [#]} 22. Kg1 (22. Nxf7 $142 $1 Bxf7 {[#]} 23. Bh7+ $1 Kf8 24. Bg6) 22... Qd6 23. Rg3+ {[%emt 0:00:37] White mates.} Kf8 {[%emt 0:00:05] [#]} 24. Ng6+ $1 fxg6 25. Qf6+ {[%emt 0:00:07] Weighted Error Value: White=0.11 (very precise) /Black=1.08} 1-0

[Event "2nd Bassano Easter 2022"]
[Site "Bassano del Grappa"]
[Date "2022.04.15"]
[Round "4.4"]
[White "Postny, Evgeny"]
[Black "Petkidis, Anthony"]
[Result "1/2-1/2"]
[ECO "A61"]
[WhiteElo "2567"]
[BlackElo "2420"]
[Annotator "TA"]
[PlyCount "67"]
[EventDate "2022.04.14"]
[EventType "swiss"]
[EventCountry "ITA"]
[SourceTitle "playchess.com"]
[Source "ChessBase"]
[SourceQuality "1"]
[TimeControl "30/3600+30:1800+30"]

1. d4 Nf6 2. c4 e6 3. Nf3 c5 4. d5 exd5 5. cxd5 d6 6. Nc3 g6 7. Bf4 a6 8. a4 Bg7 9. h3 O-O 10. e3 Re8 {[%emt 0:00:30] A61: Modern Benoni: Nf3 without early e4.} 11. Nd2 {[%emt 0:00:30] Inhibits Ne4.} Nbd7 12. Be2 ({But not} 12. Bxd6 Nb6 13. Bxc5 Nfxd5 $11) 12... Ne5 {[%emt 0:00:30] White is slightly better.} 13. O-O Nfd7 14. e4 g5 15. Bh2 Nf8 {[%emt 0:00:30] [#]} 16. Bxe5 $146 ({Predecessor:} 16. Nf3 Nfg6 17. Nxe5 Nxe5 18. Qd2 g4 19. f4 gxf3 20. Bxf3 Nc4 21. Qe2 Ne3 22. Rfe1 {1-0 (38) Mahalakshmi,M (2125)-Isha,S (1666) Bihar 2014}) 16... Bxe5 17. Bg4 Ng6 18. g3 Qf6 19. Ra3 Bd4 20. Rb3 Ne5 21. Bxc8 Raxc8 22. Ne2 c4 {[%emt 0:00:30] [#]} 23. Nxd4 cxb3 24. Qxb3 Nd7 25. Nf5 Nc5 26. Qa3 Rcd8 27. f3 {[%emt 0:00:30] Threatens to win with Nc4.} b5 {[%emt 0:00:30] Inhibits Nc4.} 28. a5 Rc8 29. Rf2 Rc7 (29... Nb7 $11 {might be stronger.}) 30. Nf1 $14 {[%emt 0:00:30] Pair of Knights!} h5 31. Qe3 (31. g4 $1 $14) 31... Qxf5 $11 {[%emt 0:30:30] The position is equal.} 32. exf5 Rxe3 33. Nxe3 Re7 34. Nf1 {[%emt 0:00:30] Weighted Error Value: White=0.12 (very precise) /Black=0.07 (flawless)} 1/2-1/2

[Event "2nd Bassano Easter 2022"]
[Site "Bassano del Grappa"]
[Date "2022.04.15"]
[Round "4.5"]
[White "Nikolov, Momchil"]
[Black "Kolb, Tobias"]
[Result "1/2-1/2"]
[ECO "D55"]
[WhiteElo "2501"]
[BlackElo "2316"]
[Annotator "TA"]
[PlyCount "41"]
[EventDate "2022.04.14"]
[EventType "swiss"]
[EventCountry "ITA"]
[SourceTitle "playchess.com"]
[Source "ChessBase"]
[SourceQuality "1"]
[TimeControl "30/3600+30:1800+30"]

1. d4 d5 2. c4 e6 3. Nc3 Nf6 4. cxd5 exd5 5. Bg5 Be7 6. e3 O-O 7. Nf3 h6 8. Bxf6 Bxf6 9. Bd3 c6 10. O-O Be7 {[%emt 0:00:30] D55: Queen's Gambit Declined: 4 Bg5 Be7: Lines without ...h6 and 6...h6 7 Bxf6.} 11. Rb1 a5 12. a3 {[%emt 0:00:30] [#]} Bd6 $146 {[%emt 0:00:30] The position is equal.} ({Predecessor:} 12... Be6 13. Qc2 Nd7 14. Bf5 Bxf5 15. Qxf5 g6 16. Qc2 Re8 17. b4 axb4 18. axb4 b5 {1-0 (80) Corrales Jimenez,F (2530)-Nguyen,T (2609) Warsaw 2021}) 13. b4 (13. Ne5 $11) 13... Bg4 $15 14. Be2 Re8 15. Na4 (15. h3 $5 Be6 16. b5 $15) 15... Qe7 16. Nc5 b6 {[%emt 0:00:30] [#] And now ...axb4 would win.} 17. Nd3 axb4 18. axb4 Nd7 19. h3 Bf5 20. Rc1 Rac8 21. Qb3 {[%emt 0:00:30] Weighted Error Value: White=0.19 (very precise) /Black=0.08 (flawless)} 1/2-1/2

[Event "2nd Bassano Easter 2022"]
[Site "Bassano del Grappa"]
[Date "2022.04.15"]
[Round "4.6"]
[White "Fischer, Daniel"]
[Black "Abel, Dennes"]
[Result "1-0"]
[ECO "B12"]
[WhiteElo "2356"]
[BlackElo "2442"]
[Annotator "TA"]
[PlyCount "43"]
[EventDate "2022.04.14"]
[EventType "swiss"]
[EventCountry "ITA"]
[SourceTitle "playchess.com"]
[Source "ChessBase"]
[SourceQuality "1"]
[TimeControl "30/3600+30:1800+30"]

1. e4 c6 2. d4 d5 3. e5 Bf5 4. Nf3 e6 5. Be2 c5 6. Be3 Qb6 7. Nc3 Nc6 (7... Qxb2 8. Nb5 $16) 8. O-O {[%emt 0:00:16] B12: Caro-Kann: Advance Variation.} Qxb2 9. Qe1 {[%emt 0:00:42] Threatens to win with Rb1.} (9. Nb5 $5 Rc8 10. c4 $16) 9... c4 ({Don't take} 9... Bxc2 10. dxc5 Bg6 11. a3 $16) 10. Rb1 {[%emt 0:07:52] The position is equal.} Qa3 (10... Qxc2 $11 11. Bd1 (11. Rxb7 O-O-O $11) 11... Qxb1 12. Nxb1 Bxb1) 11. Rxb7 {[%emt 0:18:48] [#]} (11. Nb5 $14 Qa4 12. Nc7+ Kd7 13. Nxa8) 11... Qa6 $146 (11... Bb4 $11 12. Nb5 Bxe1 13. Nxa3 Nd8) ({Predecessor:} 11... Bb4 12. Nb5 Bxe1 13. Nxa3 Nd8 14. Rb1 Ba5 15. Nh4 Be4 16. f3 Bg6 17. f4 Be4 {0-1 (26) Kravtsiv,M (2625)-Van Foreest,J (2691) Riga 2021}) 12. Qb1 $1 $14 O-O-O (12... Nd8 $16 {is a better defense.} 13. Rb5 h6) 13. Rb5 ({White should play} 13. Rxf7 $18 {Hoping for Nh4.} Nge7 14. Ng5) 13... h6 (13... Qa3 $16) 14. a4 $18 g5 (14... Nge7 $142 15. Qb2 Rd7) 15. Qb2 {[%emt 0:03:10] Strongly threatening Nd2.} f6 $2 (15... Nge7 {is more resistant.} 16. Rb1 Rg8) 16. Rb1 {[%emt 0:07:58] White is clearly winning.} Rh7 17. Nd2 Rc7 {[%emt 0:00:54] [#]} 18. Nxc4 dxc4 19. Bxc4 Re8 {[%emt 0:01:51] [#]} 20. Rb8+ $1 {[%emt 0:02:29][%mdl 576] Discovered Attack} Nxb8 (20... Kd7 21. Rxe8) 21. Bxa6+ Nxa6 {[%emt 0:00:09] [#]} 22. Qb5 $1 {[%emt 0:00:16][%csl LRa6,LRe8] Black got outplayed after the opening.  Weighted Error Value: White=0.24 (precise) /Black=0.67} 1-0